 Dungeon Crawl Stone Soup version 0.26.1-11-gd32895ea62 (webtiles) character file.

Game seed: 16063703147099681674

74 Arsuriii the Skirmisher (level 4, 0/40 HPs)
             Began as a Palentonga Fighter on Apr 20, 2021.
             Slain by Sigmund
             ... wielding a +1 scythe of protection
              (3 damage)
             ... on level 3 of the Dungeon.
             The game lasted 00:04:13 (2401 turns).

Arsuriii the Skirmisher (Palentonga Fighter)        Turns: 2401, Time: 00:04:13

Health: 0/40       AC:  8    Str: 20    XL:     4   Next: 10%
Magic:  4/4        EV:  3    Int:  8    God:
Gold:   145        SH:  9    Dex: 10    Spells: 3/3 levels left

rFire    . . .     SeeInvis +   a - +0 long sword
rCold    . . .     Faith    .   c - +0 kite shield
rNeg     . . .     Spirit   .   i - +0 chain mail
rPois    .         Reflect  .   (no helmet)
rElec    .         Harm     .   (no cloak)
rCorr    .         Rampage  .   (no gloves)
Will     .....                  (no barding)
Stlth    ..........             (no amulet)
HPRegen  0.13/turn              (no ring)
MPRegen  0.09/turn              (no ring)

@: no status effects
A: large, rugged brown scales 3, see invisible, deformed body, roll 1, armoured
tail
a: Rolling Charge


You were on level 3 of the Dungeon.
You visited 1 branch of the dungeon, and saw 3 of its levels.

You collected 145 gold pieces.

Inventory:

Hand Weapons
 a - a +0 long sword (weapon)
Armour
 c - a +0 kite shield (worn)
 i - a +0 chain mail (worn)
Scrolls
 b - a scroll of random uselessness {unknown}
 f - 2 scrolls of enchant armour {unknown}
 g - a scroll of fear {unknown}
 h - a scroll of immolation {unknown}
 j - a scroll of identify {unknown}
 k - 2 scrolls of remove curse {unknown}
 l - a scroll of teleportation {unknown}
Potions
 d - a potion of might
 e - 2 potions of curing {unknown}


   Skills:
 + Level 3.3 Fighting
 + Level 3.1 Long Blades
 + Level 3.0 Armour
 + Level 2.8 Shields


You had 3 spell levels left.
You didn't know any spells.
Your spell library was empty.

Dungeon Overview and Level Annotations

Branches:
Dungeon (3/15)

Altars:

Annotations:
D:3 Sigmund


Innate Abilities, Weirdness & Mutations

You are completely covered in rugged brown scales. (AC +3, +7% HP)
You have supernaturally acute eyesight. (SInv)
Armour fits poorly on your strangely shaped body.
You can roll at nearby foes to attack.
You have a long armoured tail.


Message History

You barely miss Sigmund. You tail-slap Sigmund.
Sigmund is heavily wounded.
Sigmund hits you with a +1 scythe of protection.
You closely miss Sigmund.
Your tail-slap misses Sigmund.
Sigmund is heavily wounded.
You barely miss Sigmund.
Sigmund is heavily wounded.
Sigmund gestures at you while chanting. You resist with some effort.
Sigmund hits you with a +1 scythe of protection!
* * * LOW HITPOINT WARNING * * *
You barely miss Sigmund.
Sigmund is heavily wounded.
Sigmund screams, "Die, monster!"
Sigmund hits you with a +1 scythe of protection.
* * * LOW HITPOINT WARNING * * *
Sigmund hits you from afar with a +1 scythe of protection.
* * * LOW HITPOINT WARNING * * *
Sigmund hits you from afar with a +1 scythe of protection.
You die...

### ..# #.# #.#
######@# .
#...@..# ..
#.###### ...
#.# .... #)#
.....##.# .
.......># ...
.....##.###....
...............


You could see Sigmund (invisible).

Vanquished Creatures
  3 adders (D:2)
  An ooze (D:2)
  2 worms (D:2)
  A dart slug (D:2)
  2 bats
  3 giant cockroaches
  3 hobgoblins
  A quokka (D:2)
  2 frilled lizards (D:1)
  9 goblins
  6 kobolds
  4 rats (D:2)
37 creatures vanquished.

Notes
Turn   | Place    | Note
-------+----------+-------------------------------------------
     0 | D:1      | Arsuriii the Palentonga Fighter began the quest for the
                  | Orb.
     0 | D:1      | Reached XP level 1. HP: 20/20 MP: 1/1
   406 | D:1      | Reached XP level 2. HP: 22/27 MP: 2/2
  1284 | D:2      | Reached XP level 3. HP: 30/33 MP: 3/3
  1933 | D:2      | Reached XP level 4. HP: 37/40 MP: 4/4
  2348 | D:3      | Noticed Sigmund
  2396 | D:3      | HP: 2/40 [Sigmund/+1 scythe of protection (4)]
  2401 | D:3      | Slain by Sigmund

Illustrated notes

Levels and vault maps discovered:
D:1:      dpeg_arrival_round_a, layout_basic, chequers_avenue, minmay_domino_4
D:2:      layout_basic, serial_rivers, chequers_serial_rivers_micro_d,
          chequers_serial_rivers_large_a, chequers_serial_rivers_small_a,
          chequers_serial_rivers_small_b, chequers_serial_rivers_room_a
D:3:      layout_basic, nicolae_overflow_hidden_temple,
          chequers_ecumenical_altar_island, uniq_purgy, uniq_sigmund

Skill      XL: |  1  2  3  4 |
---------------+-------------+-----
Long Blades    | 3 |  3.1
Armour         | 3 |  3.0
Fighting       | |  3.3
Shields        | |  2.8

Action                   |  1- 3 |  4- 6 || total
-------------------------+-------+-------++-------
Melee: Long sword        |   109 |    41 ||   150
       Tailslap          |     8 |     8 ||    16
Armor: Scale mail        |    14 |       ||    14
       Chain mail        |    54 |    16 ||    70
Dodge: Dodged            |    20 |     2 ||    22
Block: Kite shield       |    52 |    17 ||    69
       Rpst.: Long sword |     3 |       ||     3
